 Dungeon Crawl Stone Soup version 0.29-a0-451-gfbfa42419e (webtiles) character file.

Game seed: 5251475654315440863

88 Impy the Bolt Thrower (level 4, -1/31 (35) HPs)
             Began as a Formicid Hunter on May 19, 2022.
             Slain by an orc
             ... wielding a +0 hand axe
              (3 damage)
             ... on level 3 of the Dungeon.
             The game lasted 00:04:03 (1761 turns).

Impy the Bolt Thrower (Formicid Hunter)             Turns: 1761, Time: 00:04:04

HP:   -1/31 (35)    AC:  4    Str: 15    XL:     4   Next: 81%
MP:   4/4           EV: 13    Int:  9    God:
Gold: 174           SH:  0    Dex: 22    Spells: 3/3 levels left

rFire   . . .      SeeInvis +   a - +2 hand crossbow (flame)
rCold   . . .      Faith    .   (no shield)
rNeg    . . .      Spirit   .   b - +1 leather armour
rPois   .          Reflect  .   (helmet unavailable)
rElec   .          Harm     .   (no cloak)
rCorr   .          Rampage  .   (no gloves)
Will    .....                   (no boots)
Stlth   ++........              (no amulet)
HPRegen 0.10/turn               d - +6 ring of dexterity
MPRegen 0.09/turn               (no ring)

@: heavily drained
A: permanent stasis, dig shafts and tunnels, antennae 3, four strong arms
a: Dig, Shaft Self


You were on level 3 of the Dungeon.
You visited 1 branch of the dungeon, and saw 3 of its levels.

You collected 174 gold pieces.

Inventory:

Hand Weapons
 a - a +2 hand crossbow of flaming (weapon)
Armour
 b - a +1 leather armour (worn)
Jewellery
 d - a +6 ring of dexterity (left hand)
Scrolls
 c - a scroll of immolation
 e - 2 scrolls of identify


   Skills:
 + Level 3.4 Fighting
 + Level 4.6 Crossbows
 + Level 2.8 Dodging
 - Level 1.2 Stealth


You had 3 spell levels left.
You didn't know any spells.
Your spell library was empty.

Dungeon Overview and Level Annotations

Branches:
Dungeon (3/15)

Altars:
Sif Muna


Innate Abilities, Weirdness & Mutations

You cannot be hasted, slowed, berserked, paralysed or teleported.
You can dig through walls and to a lower floor.
You have a pair of large antennae on your head. (SInv)
Your four strong arms can wield two-handed weapons with a shield.


Message History

The orc wizard closely misses you. The orc hits you with a +0 hand axe.
You shoot a bolt. The bolt closely misses the orc wizard.
The bolt hits the endoplasm.
The bolt burns the endoplasm.
The endoplasm is almost dead.
The orc hits you with a +0 hand axe. The orc wizard closely misses you.
Shoot: a) +2 hand crossbow (flame)
Press: ? - help, Shift-Dir - straight line, f/p - orc wizard
Aim: an orc wizard, wielding a +2 dagger of draining and wearing a +0 robe (heavily wounded, 63% to hit)
You shoot a bolt. The bolt closely misses the orc wizard.
The bolt hits the endoplasm!
The bolt burns the endoplasm.
You kill the endoplasm!
The orc barely misses you.
The orc wizard hits you with a +2 dagger of draining.
* * * LOW HITPOINT WARNING * * *
You feel drained.
The orc wizard hits you with a +2 dagger of draining.
* * * LOW HITPOINT WARNING * * *
You feel drained. The orc barely misses you.
You aren't carrying any potions.
Shoot: a) +2 hand crossbow (flame)
Press: ? - help, Shift-Dir - straight line, f/p - orc wizard
Aim: an orc wizard, wielding a +2 dagger of draining and wearing a +0 robe (heavily wounded, 63% to hit)
You shoot a bolt. The bolt hits the orc wizard.
The bolt burns the orc wizard.
The orc wizard is almost dead.
The orc wizard hits you but does no damage.
You feel drained. The orc hits you with a +0 hand axe.
* * * LOW HITPOINT WARNING * * *
Shoot: a) +2 hand crossbow (flame)
Press: ? - help, Shift-Dir - straight line, f/p - orc wizard
Aim: an orc wizard, wielding a +2 dagger of draining and wearing a +0 robe (almost dead, 63% to hit)
You shoot a bolt. The bolt hits the orc wizard.
The bolt burns the orc wizard.
You kill the orc wizard!
The orc closely misses you.
Shoot: a) +2 hand crossbow (flame)
Press: ? - help, Shift-Dir - straight line, f - orc
Aim: an orc, wielding a +0 hand axe (69% to hit)
You shoot a bolt. The bolt hits the orc.
The bolt burns the orc.
The orc is heavily wounded.
The orc hits you with a +0 hand axe.
You die...

#.
########..
#.....#..#
#.......##
#.........
......#
#o)...#
#@# #)#
... ....#
..#...
.......#
#.#####..
.. ...


You could see an orc.

Vanquished Creatures
  An orc wizard (D:3)
  A worm (D:2)
  3 dart slugs
  An orc (D:3)
  7 endoplasms
  A giant cockroach (D:1)
  6 goblins
  5 hobgoblins
  5 kobolds
  A quokka (D:2)
  9 ball pythons
  3 bats
  3 frilled lizards (D:1)
  4 rats
50 creatures vanquished.

Notes
Turn   | Place    | Note
-------+----------+-------------------------------------------
     0 | D:1      | Impy the Formicid Hunter began the quest for the Orb.
     0 | D:1      | Reached XP level 1. HP: 16/16 MP: 1/1
    92 | D:1      | Reached XP level 2. HP: 12/23 MP: 2/2
   432 | D:1      | Reached XP level 3. HP: 28/28 MP: 3/3
   999 | D:2      | Reached XP level 4. HP: 35/35 MP: 4/4
  1460 | D:2      | Found a shimmering blue altar of Sif Muna.
  1759 | D:3      | HP: 1/29 [orc/+0 hand axe (4)]
  1761 | D:3      | Slain by an orc

Illustrated notes

Levels and vault maps discovered:
D:1:      dpeg_arrival_three_same_balls, layout_basic
D:2:      layout_basic, basic_altar, kennysheep_doodads
D:3:      layout_rooms, dreamdust_ecumenical_altar_angels_and_demons

Skill      XL: |  1  2  3 |
---------------+----------+-----
Dodging        | 2 |  2.8
Fighting       | 3 |  3.4
Crossbows      | |  4.6
Stealth        | |  1.2

Action                   |  1- 3 |  4- 6 || total
-------------------------+-------+-------++-------
 Fire: Hand crossbow     |    74 |    24 ||    98
  Use: Scroll            |     5 |     4 ||     9
       Potion            |     2 |     2 ||     4
Armor: Leather armour    |     1 |     3 ||     4
Dodge: Dodged            |    13 |     6 ||    19

Table legend: (Time is in decaauts)
 A = Elapsed time spent in this place.
 B = Non-inter-level travel time spent in this place.
 C = Inter-level travel time spent in this place.
 D = Time resting spent in this place.
 E = Time spent auto-exploring this place.
 F = Levels seen in this place.
 G = Mean time per level.
                   A        B        C        D        E       F      G
               +--------+--------+--------+--------+--------+-----+--------+
         Total |   1791 |   1754 |     37 |      4 |   1517 |   3 |  597.0 |
       Dungeon |   1791 |   1754 |     37 |      4 |   1517 |   3 |  597.0 |
               +--------+--------+--------+--------+--------+-----+--------+

Top non-repeatable levels by time:
     D:2: 1029 daAuts
     D:1: 749 daAuts
     D:3: 12 daAuts
